 Dungeon Crawl Stone Soup version 0.23.1 (webtiles) character file.

Game seed: 0

4463 DildoBatman the Tainter (level 10, -2/66 HPs)
             Began as a Formicid Wizard on Mar 12, 2019.
             Was an Elder of Kikubaaqudgha.
             Shot with an arrow by a centaur warrior (7 damage)
             ... on level 9 of the Dungeon.
             The game lasted 00:38:41 (8783 turns).

DildoBatman the Tainter (Formicid Wizard)           Turns: 8783, Time: 00:38:41

Health: -2/66      AC:  7    Str: 12    XL:     10   Next: 64%
Magic:  3/17       EV: 13    Int: 21    God:    Kikubaaqudgha [****..]
Gold:   463        SH:  5    Dex: 14    Spells: 12/19 levels left

rFire    + + .     SeeInvis +   a - +3 mace of Inconvenience {crush, +Rage rF++ Str-4 Dex+3}
rCold    . . .     Gourm    .   e - +0 buckler
rNeg     . . .     Faith    .   w - +0 robe
rPois    .         Spirit   .   (helmet unavailable)
rElec    .         Reflect  .   D - +1 cloak
rCorr    .         Harm     .   s - +0 pair of gloves
MR       ++...                  j - +0 pair of boots
Stlth    +++.......             f - amulet of the acrobat
HPRegen  0.21/turn              (no ring)
MPRegen  0.15/turn              G - +4 ring of strength

@: no status effects
A: permanent stasis, dig shafts and tunnels, four strong arms, antennae 3, agile
1, frail 1, magic resistance 1, wild magic 1, evolution 1, MP-powered wands
a: Dig, Shaft Self, Receive Corpses, Renounce Religion


You were on level 9 of the Dungeon.
You worshipped Kikubaaqudgha.
Kikubaaqudgha was greatly pleased with you.
You were hungry.

You visited 2 branches of the dungeon, and saw 10 of its levels.
You also visited: Sewer.

You collected 463 gold pieces.

Inventory:

Hand Weapons
 a - the +3 mace of Inconvenience (weapon) {crush, +Rage rF++ Str-4 Dex+3}
   (You found it on level 9 of the Dungeon)

   It inflicts extra damage upon your enemies.
   It affects your strength (-4).
   It affects your dexterity (+3).
   It greatly protects you from fire.
   It lets you go berserk.
 b - a +0 halberd
 c - a +0 shortbow
Missiles
 m - 127 arrows
 r - 12 poisoned needles
 B - 83 sling bullets
 C - 42 bolts
 H - 2 throwing nets (quivered)
Armour
 e - a +0 buckler (worn)
 j - a +0 pair of boots (worn)
 s - a +0 pair of gloves (worn)
 w - a +0 robe (worn)
 D - a +1 cloak (worn)
 M - a +1 scale mail of cold resistance
 P - a +0 shield
Jewellery
 f - an amulet of the acrobat (around neck)
 G - a +4 ring of strength (right hand)
 I - an uncursed ring of resist corrosion
 K - an uncursed ring of ice
Wands
 N - a wand of clouds (5)
 O - a wand of iceblast (12)
Scrolls
 u - 3 scrolls of remove curse
 x - 4 scrolls of fear
 L - 4 scrolls of magic mapping
Potions
 l - 6 potions of curing
 n - 6 potions of flight
 o - a potion of mutation
 p - 3 potions of agility
 q - 4 potions of might
Comestibles
 d - a chunk of flesh
 v - 13 rations


   Skills:
 - Level 5.0 Fighting
 - Level 5.0 Armour
 - Level 3.0 Dodging
 - Level 6.0 Stealth
 * Level 5.3 Shields
 - Level 5.0 Spellcasting
 - Level 5.0 Conjurations
   Level 1.0 Summonings
   Level 0.8 Translocations
 - Level 4.0 Fire Magic
 - Level 4.0 Air Magic
 - Level 8.0 Poison Magic


You had 12 spell levels left.
You knew the following spells:

 Your Spells              Type           Power        Failure   Level  Hunger
a - Conjure Flame         Conj/Fire      ####....     8%          3    ##.....
c - Magic Dart            Conj           ####         2%          1    None
e - Mephitic Cloud        Conj/Pois/Air  #####...     5%          3    ##.....

Your spell library contained the following spells:

 Spells                   Type           Power        Failure   Level  Hunger
 Spider Form              Tmut/Pois      ####......   10%         3    ##.....
 Animate Skeleton         Necr           N/A          16%         1    None
 Beastly Appendage        Tmut           #.....       16%         1    None
 Pain                     Necr           #...         16%         1    None
 Call Imp                 Summ           ##......     16%         2    None
 Slow                     Hex            #.......     22%         2    None
 Sticks to Snakes         Tmut           #.......     22%         2    None
 Sublimation of Blood     Necr           #.........   22%         2    None
 Vampiric Draining        Necr           #.........   41%         3    ##.....
 Ice Form                 Ice/Tmut       #.......     78%         4    ####...
 Bolt of Draining         Conj/Necr      ###.......   78%         5    #####..
 Blade Hands              Tmut           #.........   98%         5    #####..
 Borgnjor's Vile Clutch   Necr/Erth      #.........   98%         5    #####..
 Dispel Undead            Necr           #.......     98%         5    #####..
 Death Channel            Necr           #.........   100%        6    #######
 Simulacrum               Ice/Necr       #.........   100%        6    #######
 Blink                    Tloc           Unusable     N/A         2    N/A

Dungeon Overview and Level Annotations

Branches:
Dungeon (9/15)             Temple (1/1) D:6            Lair (0/6) D:8
    Orc: D:9-12

Altars:
Ashenzari
Cheibriados
Dithmenos
Elyvilon
Fedhas
Gozag
Hepliaklqana
Kikubaaqudgha
Makhleb
Nemelex Xobeh
Okawaru
Qazlal
Ru
Sif Muna
Trog
Uskayaw
Wu Jian
Xom
Yredelemnul
Zin
The Shining One

Shops:
D:5 :   D:9 *

Annotations:
D:6 1 runed translucent door, exclusion: dancing weapon, laj's ghost, novice MiBe
D:8 exclusion: moth of wrath


Innate Abilities, Weirdness & Mutations

You cannot be hasted, slowed, berserked, paralysed or teleported.
You can dig through walls and to a lower floor.
Your four strong arms can wield two-handed weapons with a shield.
You have a pair of large antennae on your head. (SInv)
You are agile. (Dex +2)
You are frail. (-10% HP)
You are resistant to hostile enchantments. (MR+)
Your spells are a little harder to cast, but a little more powerful.
You evolve.
You expend magic power (3 MP) to strengthen your wands.


Message History

The centaur warrior is engulfed in noxious fumes.
The centaur warrior shoots an arrow.
The arrow hits you!!
The centaur warrior is engulfed in noxious fumes.
The centaur warrior shoots an arrow.
The arrow hits you but does no damage.
You retract your mandibles.
A hound comes into view.
The hound barks!
You hear a shout!
You extend your mandibles.
Unknown command.
Are you sure you want to shaft yourself?
You are feeling hungry.
You begin to dig a shaft.
You continue digging a shaft.
The centaur warrior shoots an arrow.
The arrow hits you!
You die...
Kikubaaqudgha rasps: "You have failed me!
Welcome... death!"

########################
........#.......#.......
........#.......#.......
........#.......#.......
........(c......#.......
.......@#.{.....#.......
........#c(.....#.......
........#c......#.......
...h....#(......#.......
........#.......#.......
#....#####'##########'##
#.......................
#.......................
......................


You could see a centaur warrior and a hound.

Vanquished Creatures
  A moth of wrath (D:8)
  Maurice (D:8)
  A hippogriff (D:8)
  Sigmund (D:4)
  2 yaks (D:8)
  A human (D:9)
  A hungry ghost (D:6)
  3 porcupines (D:8)
  A sky beast (D:8)
  A phantom (D:7)
  A necrophage (D:8)
  A black bear (D:8)
  4 ogres
  A centaur (D:6)
  A big kobold (D:9)
  A crocodile (D:8)
  6 bullfrogs
  A wyvern skeleton (D:9)
  A scorpion (D:8)
  4 crimson imps
  2 quasits
  2 hounds
  3 jellies
  4 orc priests
  An iguana (D:8)
  Natasha (twice) (D:4)
  Terence (D:3)
  6 worker ants
  8 orc wizards
  A hound zombie (D:7)
  A hound skeleton (D:4)
  3 gnolls (D:3)
  14 adders
  A river rat (D:3)
  5 oozes
  An adder zombie (D:5)
  7 worms
  2 dart slugs
  A leopard gecko (D:5)
  22 orcs
  10 giant cockroaches
  6 hobgoblins
  6 jackals
  10 kobolds
  4 quokkas
  5 ball pythons
  19 bats
  5 frilled lizards
  13 goblins
  A jackal skeleton (D:4)
  A leopard gecko zombie (D:5)
  A quokka zombie (D:7)
  19 rats
  A fungus (D:8)
  A plant (D:8)
223 creatures vanquished.

Vanquished Creatures (others)
  19 fungi (D:8)
  A plant (D:8)
20 creatures vanquished.

Grand Total: 243 creatures vanquished

Notes
Turn   | Place    | Note
-------+----------+-------------------------------------------
     0 | D:1      | DildoBatman the Formicid Wizard began the quest for the
                  | Orb.
     0 | D:1      | Reached XP level 1. HP: 13/13 MP: 4/4
    48 | D:1      | Reached skill level 1 in Conjurations
   323 | D:1      | Reached XP level 2. HP: 19/19 MP: 3/6
  1306 | D:2      | Reached XP level 3. HP: 24/24 MP: 3/7
  1311 | D:2      | Learned a level 3 spell: Conjure Flame
  1315 | D:2      | Learned a level 3 spell: Mephitic Cloud
  1757 | D:2      | Found an ancient bone altar of Kikubaaqudgha.
  1757 | D:2      | Found an ornate altar of the Wu Jian Council.
  1758 | D:2      | Found a sparkling altar of Nemelex Xobeh.
  1761 | D:2      | Became a worshipper of Kikubaaqudgha
  1765 | D:2      | Reached XP level 4. HP: 29/30 MP: 6/8
  2138 | D:3      | Reached XP level 5. HP: 35/35 MP: 4/9
  2333 | D:3      | Reached * piety under Kikubaaqudgha
  2333 | D:3      | Identified Kikubaaqudgha's Reference Book on Evil
                  | (Kikubaaqudgha gifted it to you on level 3 of the Dungeon)
  2333 | D:3      | Received a gift from Kikubaaqudgha
  2425 | D:3      | Noticed Terence
  2522 | D:3      | Found a glowing drain.
  2573 | Sewer    | Entered a sewer
  2765 | Sewer    | Reached ** piety under Kikubaaqudgha
  3121 | Sewer    | Reached skill level 1 in Shields
  3121 | Sewer    | Reached XP level 6. HP: 28/41 MP: 6/10
  3279 | D:3      | Killed Terence
  3724 | D:4      | Noticed Sigmund
  3730 | D:4      | Killed Sigmund
  3730 | D:4      | Reached XP level 7. HP: 46/46 MP: 4/11
  3790 | D:4      | You fall through a shaft!
  3790 | D:5      | Entered Level 5 of the Dungeon
  3830 | D:4      | Reached skill level 1 in Poison Magic
  3913 | D:4      | Noticed Natasha
  3930 | D:4      | Reached skill level 5 in Shields
  4010 | D:4      | Killed Natasha
  4147 | D:4      | Noticed Natasha
  4156 | D:4      | Killed Natasha
  4156 | D:4      | Reached skill level 1 in Fighting
  4156 | D:4      | Reached skill level 1 in Fire Magic
  4228 | D:4      | Reached skill level 1 in Armour
  4228 | D:4      | Reached skill level 1 in Air Magic
  4559 | D:4      | Reached XP level 8. HP: 54/54 MP: 11/13
  4703 | D:5      | Reached skill level 2 in Poison Magic
  4839 | D:5      | Reached *** piety under Kikubaaqudgha
  4839 | D:5      | Identified Kikubaaqudgha's Guide on Black Secrets
                  | (Kikubaaqudgha gifted it to you on level 5 of the Dungeon)
  4839 | D:5      | Received a gift from Kikubaaqudgha
  4841 | D:5      | Reached skill level 5 in Conjurations
  4985 | D:5      | Found Teagref's Book Shoppe.
  5472 | D:6      | Found a runed translucent door.
  5474 | D:6      | Noticed laj's ghost (novice MiBe)
  5781 | D:6      | Reached skill level 3 in Poison Magic
  6033 | D:6      | Found a hide-covered altar of Uskayaw.
  6035 | D:6      | Noticed a +0 hand axe
  6035 | D:6      | Noticed a +0 dagger
  6058 | D:6      | Reached XP level 9. HP: 62/62 MP: 12/15
  6103 | D:6      | Found a staircase to the Ecumenical Temple.
  6130 | Temple   | Entered the Ecumenical Temple
  7019 | D:8      | Noticed Maurice
  7062 | D:8      | Killed Maurice
  7062 | D:8      | Reached skill level 5 in Stealth
  7062 | D:8      | Reached skill level 4 in Poison Magic
  7103 | D:8      | Noticed a moth of wrath
  7106 | D:8      | Found a bloodstained altar of Trog.
  7173 | D:8      | Reached **** piety under Kikubaaqudgha
  7173 | D:8      | Reached skill level 5 in Spellcasting
  7232 | D:8      | Found a staircase to the Lair.
  7328 | D:8      | Reached XP level 10. HP: 33/71 MP: 1/17
  7373 | D:8      | Reached skill level 5 in Poison Magic
  8012 | D:8      | Reached skill level 5 in Fighting
  8012 | D:8      | Reached skill level 5 in Armour
  8012 | D:8      | Reached skill level 6 in Poison Magic
  8371 | D:8      | Killed a moth of wrath
  8371 | D:8      | Reached skill level 7 in Poison Magic
  8469 | D:8      | Gained mutation: You are resistant to hostile enchantments.
                  | (MR+) [potion of mutation]
  8469 | D:8      | Gained mutation: You are dopey. (Int -2) [potion of
                  | mutation]
  8469 | D:8      | Gained mutation: You expend magic power (3 MP) to
                  | strengthen your wands. [potion of mutation]
  8470 | D:8      | Lost mutation: You are dopey. (Int -2) [potion of mutation]
  8470 | D:8      | Lost mutation: You expend magic power (3 MP) to strengthen
                  | your wands. [potion of mutation]
  8470 | D:8      | Gained mutation: You are frail. (-10% HP) [potion of
                  | mutation]
  8470 | D:8      | Gained mutation: Your spells are a little harder to cast,
                  | but a little more powerful. [potion of mutation]
  8470 | D:8      | Gained mutation: You are agile. (Dex +2) [potion of
                  | mutation]
  8470 | D:8      | Gained mutation: You evolve. [potion of mutation]
  8477 | D:9      | Got a crude mace
  8478 | D:9      | Identified the +3 mace of Inconvenience {crush, +Rage rF++
                  | Str-4 Dex+3} (You found it on level 9 of the Dungeon)
  8526 | D:9      | Found Zin's Purification Station.
  8529 | D:9      | Found a glowing silver altar of Zin.
  8537 | D:9      | Noticed a two-headed ogre
  8669 | D:9      | Reached skill level 8 in Poison Magic
  8725 | D:9      | Gained mutation: You expend magic power (3 MP) to
                  | strengthen your wands. [evolution]
  8760 | D:9      | Noticed a centaur warrior
  8783 | D:9      | Shot with an arrow by a centaur warrior

Skill      XL: |  1  2  3  4  5  6  7  8  9 10 |
---------------+-------------------------------+-----
Conjurations   | 1 2 3 4 5 |  5.0
Shields        | 1 4 5 |  5.3
Poison Magic   | 1 3 4 8 |  8.0
Dodging        | 2 3 |  3.0
Fighting       | 1 2 4 5 |  5.0
Fire Magic     | 1 2 3 4 |  4.0
Armour         | 1 2 4 5 |  5.0
Stealth        | 3 4 5 6 |  6.0
Air Magic      | 1 2 3 4 |  4.0
Spellcasting   | 4 5 |  5.0
Summonings     | |  1.0
Translocations | |  0.8

Action                   |  1- 3 |  4- 6 |  7- 9 | 10-12 || total
-------------------------+-------+-------+-------+-------++-------
Melee: Unarmed           |     9 |       |       |       ||     9
       Mace              |    25 |       |       |    28 ||    53
       Long sword        |     2 |    99 |   244 |    66 ||   411
       Halberd           |       |    20 |    24 |    10 ||    54
 Cast: Magic Dart        |    65 |    67 |   128 |    47 ||   307
       Mephitic Cloud    |     2 |    14 |    32 |    32 ||    80
       Conjure Flame     |       |     3 |    11 |    10 ||    24
 Abil: Dig               |     1 |    20 |    10 |    15 ||    46
       Shaft Self        |       |       |       |     1 ||     1
  Use: Potion            |       |     1 |       |     2 ||     3
       Scroll            |       |       |       |     9 ||     9
 Stab: Confused          |     1 |     5 |    20 |    10 ||    36
       Sleeping          |     1 |     1 |       |       ||     2
  Eat: Chunk             |     3 |    10 |    16 |     8 ||    37
Armor: Robe              |    12 |    27 |    56 |    20 ||   115
       Skin              |       |       |     4 |       ||     4
Dodge: Dodged            |    36 |   110 |   157 |    71 ||   374
Block: Buckler           |       |     4 |    51 |    20 ||    75
       Rpst.: Long sword |       |    39 |    51 |    11 ||   101
